 Dungeon Crawl Stone Soup version 0.21.1-1-g345015fe64 (webtiles) character file.

765 JarielCorvus the Skirmisher (level 7, -2/66 HPs)
             Began as a Red Draconian Berserker on July 8, 2018.
             Was an Elder of Trog.
             Killed by divine providence
             ... invoked by an orc priest
              (14 damage)
             ... on level 4 of the Dungeon.
             The game lasted 00:17:37 (4370 turns).

JarielCorvus the Skirmisher (DrBe)                  Turns: 4370, Time: 00:17:38

Health: -2/66      AC:  7    Str: 21    XL:     7   Next: 51%
Magic:  7/7        EV:  8    Int:  8    God:    Trog [****..]
Gold:   108        SH: 11    Dex: 10    Spells: 6/6 levels left

rFire    + . .     SeeInvis .   a - +1 falchion
rCold    . . .     Gourm    .   e - +0 large shield
rNeg     . . .     Faith    .   (armour unavailable)
rPois    .         Spirit   .   (helmet restricted)
rElec    .         Reflect  .   (no cloak)
rCorr    .         Harm     .   h - +0 pair of gloves
MR       .....                  (no boots)
Stlth    +.........             (no amulet)
HPRegen  0.21/turn              (no ring)
MPRegen  0.10/turn              (no ring)

@: no status effects
A: breathe fire, unfitting armour, fire resistance 1, cold-blooded, AC +6
a: Breathe Fire, Berserk, Trog's Hand, Brothers in Arms, Burn Spellbooks,
Renounce Religion


You were on level 4 of the Dungeon.
You worshipped Trog.
Trog was greatly pleased with you.
You were not hungry.

You visited 1 branch of the dungeon, and saw 4 of its levels.

You collected 108 gold pieces.

Inventory:

Hand Weapons
 a - a +1 falchion (weapon)
Missiles
 o - 12 tomahawks (quivered)
Armour
 e - a +0 large shield (worn)
 h - a +0 pair of gloves (worn)
Jewellery
 j - an uncursed ring of poison resistance {unknown}
 k - an uncursed ring of ice {unknown}
 t - an uncursed amulet of magic regeneration {unknown}
 v - an uncursed ring of protection from cold {unknown}
 w - an uncursed ring of fire {unknown}
Wands
 s - a wand of disintegration (13)
Scrolls
 d - a scroll of immolation {unknown}
 f - 2 scrolls of teleportation
 g - 2 scrolls of fog
 r - 2 scrolls of identify
 u - a scroll of blinking {unknown}
 y - 2 scrolls of remove curse
 z - a scroll of enchant armour {unknown}
Potions
 c - 2 potions of lignification {unknown}
 i - 2 potions of heal wounds {unknown}
 l - 2 potions of flight {unknown}
 m - a potion of invisibility {unknown}
 n - 2 potions of curing {unknown}
 p - 2 potions of might {unknown}
 q - a potion of magic {unknown}
Books
 x - a book of Conjurations

   Spells                             Type                      Level
   a - Magic Dart                     Conjuration                  1
   b - Searing Ray                    Conjuration                  2
   c - Dazzling Spray                 Conjuration/Hexes            3
   d - Fulminant Prism                Conjuration/Hexes            4
   e - Force Lance                    Conjuration/Translocation    4
   f - Iskenderun's Mystic Blast      Conjuration                  4
   Trog disapproves of the use of such an item.
Comestibles
 b - 2 rations


   Skills:
 * Level 7.3 Fighting
 + Level 5.1 Long Blades
 + Level 4.6 Dodging


You had 6 spell levels left.
You didn't know any spells.

Dungeon Overview and Level Annotations

Branches:
Dungeon (4/15)
 Temple: D:4-7

Altars:
Cheibriados

Shops:
D:4 (


Innate Abilities, Weirdness & Mutations

You can breathe blasts of fire.
Your fiery red scales are hard. (AC +6)
You cannot fit into any form of body armour.
Your flesh is heat resistant. (rF+)
You are cold-blooded and may be slowed by cold attacks.


Message History

You are no longer poisoned.
You start resting.
You eat one of the 3 rations.
That ration really hit the spot!
The orc priest shouts!
You hear a shout!
The orc shouts!
The orc priest invokes the aid of Beogh against you.
Beogh smites you!
* * * LOW HITPOINT WARNING * * *
You hear a shout!
You hit the orc priest.
The orc priest is lightly wounded.
You block the orc priest's attack.
You closely miss the orc priest.
The orc priest is lightly wounded.
The orc priest hits you but does no damage.
You slash the orc priest!
The orc priest is heavily wounded.
The orc priest invokes the aid of Beogh against you.
Beogh smites you!
You die...

##.##..# .#
#.# ....
..# #.... .
.!.##...#
#. .. #. o#
#..####.
#....#o#
#.o@#
###.####...
#.........
#..##......
....##
......
##.## ..##.
## #. ..#
##.. # ..
....# #..
#....


You could see an orc priest and 2 orcs.

Vanquished Creatures
  Sigmund (D:2)
  The ghost of Necrophagist the Magician, an amateur DEIE (D:4)
  An ogre (D:4)
  A bullfrog zombie (D:3)
  An orc priest (D:3)
  A hound (D:3)
  An iguana (D:4)
  2 orc wizards (D:3)
  A worker ant (D:4)
  Robin (D:2)
  5 adders
  2 gnolls (D:3)
  An adder skeleton (D:4)
  2 worms
  3 dart slugs
  6 leopard geckos
  17 orcs
  4 giant cockroaches
  9 hobgoblins
  7 jackals
  5 kobolds
  5 quokkas (D:3)
  2 ball pythons (D:1)
  12 bats
  6 frilled lizards
  14 goblins
  A leopard gecko skeleton (D:3)
  15 rats
127 creatures vanquished.

Vanquished Creatures (others)
  2 plants (D:3)
2 creatures vanquished.

Grand Total: 129 creatures vanquished

Notes
Turn   | Place    | Note
-------+----------+-------------------------------------------
     0 | D:1      | JarielCorvus the Draconian Berserker began the quest for the Orb.
     0 | D:1      | Reached XP level 1. HP: 19/19 MP: 1/1
    61 | D:1      | Reached XP level 2. HP: 25/27 MP: 2/2
   609 | D:1      | Reached skill level 4 in Fighting
   752 | D:1      | Reached ** piety under Trog
   752 | D:1      | Reached XP level 3. HP: 33/33 MP: 3/3
   863 | D:1      | Found a snail-covered altar of Cheibriados.
   922 | D:2      | Noticed Robin
   957 | D:2      | Killed Robin
  1190 | D:2      | Reached XP level 4. HP: 41/41 MP: 4/4
  1283 | D:2      | Noticed Sigmund
  1292 | D:2      | Killed Sigmund
  1292 | D:2      | Reached skill level 5 in Fighting
  1292 | D:2      | Reached XP level 5. HP: 49/49 MP: 5/5
  2008 | D:3      | Reached XP level 6. HP: 57/57 MP: 6/6
  2211 | D:3      | Reached *** piety under Trog
  2447 | D:3      | Reached skill level 6 in Fighting
  3080 | D:3      | Reached **** piety under Trog
  3690 | D:4      | Found Feaxeigh's Antique Weapon Boutique.
  3764 | D:4      | Your scales start taking on a fiery red colour.
  3764 | D:4      | Reached XP level 7. HP: 64/64 MP: 7/7
  3764 | D:4      | Gained mutation: Your flesh is heat resistant. (rF+) [Red Draconian growth]
  4008 | D:4      | Noticed Necrophagist's ghost (amateur DEIE)
  4016 | D:4      | Killed Necrophagist's ghost
  4016 | D:4      | Reached skill level 7 in Fighting
  4110 | D:4      | Reached skill level 5 in Long Blades
  4370 | D:4      | Killed from afar by an orc priest

Skill      XL: |  1  2  3  4  5  6  7 |
---------------+----------------------+-----
Fighting       | 4 5 6 7 |  7.3
Dodging        | 3 4 |  4.6
Long Blades    | 4 5 |  5.1

Action                   |  1- 3 |  4- 6 |  7- 9 || total
-------------------------+-------+-------+-------++-------
Melee: Falchion          |   101 |   304 |    54 ||   459
       Tailslap          |    15 |    44 |     8 ||    67
Invok: Berserk           |     1 |     1 |     1 ||     3
       Burn Spellbooks   |       |     1 |       ||     1
  Use: Scroll            |     2 |     5 |     1 ||     8
  Eat: Chunk             |       |    11 |     2 ||    13
       Ration            |       |       |     1 ||     1
Armor: Skin              |    39 |    78 |    17 ||   134
Dodge: Dodged            |    35 |    77 |    21 ||   133
Block: Large shield      |    79 |   189 |    42 ||   310
       Rpst.: Falchion   |    10 |    26 |     6 ||    42
